 Dungeon Crawl Stone Soup version 0.28.0-45-g0d030f2227 (webtiles) character file.

Game seed: 11582623399180253335

212 pkoi the Chiller (level 5, -1/38 HPs)
             Began as a Demigod Ice Elementalist on Apr 19, 2022.
             Slain by Grinder (5 damage)
             ... while paralysed by Grinder
             ... in a sewer.
             The game lasted 00:05:07 (3119 turns).

pkoi the Chiller (Demigod Ice Elementalist)         Turns: 3119, Time: 00:05:08

Health: -1/38      AC:  2    Str:  9      XL:     5   Next: 31%
Magic:  10/10      EV:  2    Int: 21      God:
Gold:   145        SH:  0    Dex: 13 (14) Spells: 3/7 levels left

rFire   . . .      SeeInvis .   k - +3 trident (protect)
rCold   . . .      Faith    .   (no shield)
rNeg    . . .      Spirit   .   a - +0 robe
rPois   .          Reflect  .   (no helmet)
rElec   .          Harm     .   (no cloak)
rCorr   .          Rampage  .   (no gloves)
Will    .....                   (no boots)
Stlth   +.........              (no amulet)
HPRegen 0.12/turn               e - ring of wizardry
MPRegen 0.12/turn               (no ring)

@: paralysed, very slow
A: high MP 1, forlorn, divine attributes
a: no special abilities


You were in a sewer.
You visited 1 branch of the dungeon, and saw 3 of its levels.
You also visited: Sewer.

You collected 145 gold pieces.

Inventory:

Hand Weapons
 b - a +0 dagger
 c - a +0 short sword
 f - a +2 dagger of flaming
 k - a +3 trident of protection (weapon)
Missiles
 l - 4 poisoned darts
Armour
 a - a +0 robe (worn)
Jewellery
 e - a ring of wizardry (left hand)
Potions
 g - 2 potions of haste


   Skills:
 - Level 1.7 Dodging
 - Level 1.7 Stealth
 - Level 1.7 Spellcasting
 + Level 6.3 Ice Magic


You had 3 spell levels left.
You knew the following spells:

 Your Spells              Type           Power      Damage    Failure   Level
a - Freeze                Ice            100%       1d11      1%          1
b - Frozen Ramparts       Ice            56%        1d7       1%          3

Your spell library contained the following spells:

 Spells                   Type           Power      Damage    Failure   Level
 Ozocubu's Armour         Ice            28%        N/A       1%          3
 Sting                    Tmut/Pois      4%         1d3       6%          1
 Poisonous Vapours        Pois/Air       2%         N/A       9%          2
 Hailstorm                Conj/Ice       15%        3d5       16%         4
 Olgreb's Toxic Radiance  Pois           1%         N/A       50%         4


Dungeon Overview and Level Annotations

Branches:
Dungeon (4/15)             Temple (0/1) D:4           Sewer (1/1)

Annotations:
Sewer Grinder


Innate Abilities, Weirdness & Mutations

You have an increased reservoir of magic. (+10% MP)
You shall have no god before yourself.
Your divine heritage dramatically boosts your attributes as you level up.


Message History

* * * LOW HITPOINT WARNING * * *
Grinder hits you.
* * * LOW HITPOINT WARNING * * *
You writhe in agony.
* * * LOW HITPOINT WARNING * * *
You can move again.
Unknown command.
Unknown command.
You puncture Grinder!
Your weapon exudes an aura of protection.
Grinder is almost dead.
Grinder completely misses you.
You feel less attractive to monsters.
Unknown command.
Your unstable footing causes you to fumble your attack.
Grinder misses you.
Unknown command.
Your unstable footing causes you to fumble your attack.
Unknown command.
You barely miss Grinder.
Grinder is almost dead.
You feel yourself slow down. Grinder gestures at you.
You struggle to resist.
Unknown command.
You hit Grinder.
Grinder is almost dead.
Grinder hits you but does no damage. Grinder barely misses you.
Unknown command.
You barely miss Grinder.
Grinder is almost dead.
Grinder splashes around in the water.
Unknown command.
Your unstable footing causes you to fumble your attack.
Grinder splashes around in the water.
Unknown command.
Your unstable footing causes you to fumble your attack.
Grinder gestures at you.
You suddenly lose the ability to move!
Grinder hits you.
You die...

§..###.####.#≈###≈≈#≈####)≈≈#
...##≈≈.#....≈≈≈≈≈≈≈≈≈≈≈#.≈≈#
++###≈≈.#..≈≈≈≈≈≈≈≈≈≈≈≈≈#.≈≈#
#≈..#.≈≈≈≈≈≈≈≈≈≈≈≈≈≈#.≈≈#
#≈≈.#.≈≈≈≈≈≈≈≈≈≈≈≈≈≈#.≈≈#
#≈≈)#.≈≈≈≈≈≈≈≈≈≈≈≈≈≈#.≈≈#
#≈≈.+.≈≈≈≈≈≈≈≈≈≈≈≈≈≈#.≈≈#
##≈##################.≈≈#####
#≈≈5.≈≈≈≈≈≈5@≈≈≈≈≈≈≈#..≈≈≈≈≈≈
#≈≈≈≈≈≈≈≈≈≈≈≈≈≈≈≈≈≈≈..≈≈≈≈≈≈.
#≈≈≈≈≈≈≈≈≈≈≈≈≈≈≈≈≈≈≈#...).)..
#############################


You could see Grinder.

Vanquished Creatures
  A quasit (Sewer)
  A hound (D:4)
  A centaur skeleton (D:4)
  A gnoll (D:1)
  4 adders
  A shadow imp (Sewer)
  An adder skeleton (D:4)
  A worm (D:4)
  A dart slug (D:2)
  An orc (D:4)
  4 ball pythons
  7 bats
  7 endoplasms
  A giant cockroach (Sewer)
  3 goblins
  3 hobgoblins
  15 kobolds
  4 frilled lizards
  A kobold zombie (Sewer)
  5 rats (D:2)
63 creatures vanquished.

Vanquished Creatures (others)
  2 endoplasms (Sewer)
2 creatures vanquished.

Grand Total: 65 creatures vanquished

Notes
Turn   | Place    | Note
-------+----------+-------------------------------------------
     0 | D:1      | pkoi the Demigod Ice Elementalist began the quest for the
                  | Orb.
     0 | D:1      | Reached XP level 1. HP: 14/14 MP: 5/5
   652 | D:1      | Reached skill level 4 in Ice Magic
   652 | D:1      | Reached XP level 2. HP: 18/20 MP: 2/7
  1411 | D:2      | Reached XP level 3. HP: 24/26 MP: 1/8
  1927 | D:2      | Learned a level 3 spell: Frozen Ramparts
  2021 | D:2      | Reached skill level 5 in Ice Magic
  2100 | D:2      | You fall into a shaft and drop 2 floors!
  2206 | D:4      | Reached XP level 4. HP: 26/33 MP: 5/9
  2219 | D:4      | Found a staircase to the Ecumenical Temple.
  2486 | D:4      | Found a glowing drain.
  2497 | Sewer    | Entered a sewer
  2603 | Sewer    | Reached skill level 6 in Ice Magic
  2605 | Sewer    | Reached XP level 5. HP: 36/38 MP: 10/10
  2941 | Sewer    | Noticed Grinder
  2950 | Sewer    | Paralysed by Grinder for 2 turns
  3031 | Sewer    | Paralysed by Grinder for 5 turns
  3043 | Sewer    | Paralysed by Grinder for 3 turns
  3049 | Sewer    | Paralysed by Grinder for 5 turns
  3061 | Sewer    | Paralysed by Grinder for 2 turns
  3092 | Sewer    | Paralysed by Grinder for 6 turns
  3106 | Sewer    | Paralysed by Grinder for 4 turns
  3118 | Sewer    | Paralysed by Grinder for 5 turns
  3119 | Sewer    | Slain by Grinder

Illustrated notes

Levels and vault maps discovered:
D:1:      amcnicky_arrival_flooded_fountain, layout_loops_cross
D:2:      layout_loops_ring
D:4:      layout_basic, nicolae_elyvilon_peaceful_grove,
          minmay_temple_entry_glass, portal_sewer_entry_d,
          minmay_fractal_squares_5
Sewer:    kennysheep_sewer_church

Skill      XL: |  1  2  3  4 |
---------------+-------------+-----
Ice Magic      | 4 5 6 |  6.3
Dodging        | |  1.7
Stealth        | |  1.7
Spellcasting   | |  1.7

Action                   |  1- 3 |  4- 6 || total
-------------------------+-------+-------++-------
Melee: Dagger            |    10 |       ||    10
       Trident           |    15 |    82 ||    97
       Unarmed           |       |     8 ||     8
 Cast: Freeze            |    52 |     8 ||    60
       Frozen Ramparts   |     2 |     2 ||     4
  Use: Scroll            |       |     4 ||     4
       Potion            |       |     3 ||     3
 Stab: Sleeping          |     2 |     2 ||     4
Armor: Robe              |    14 |    39 ||    53
       Skin              |       |    10 ||    10
Dodge: Dodged            |    46 |    64 ||   110
